 Dungeon Crawl Stone Soup version 0.25-a0-1126-g5fd7b56c60 (webtiles) character file.

Game seed: 3262098837453117176, levelgen mode: deterministic

18 Maedhros the Sneak (level 2, 0/18 HPs)
             Began as an Octopode Artificer on May 19, 2020.
             Succumbed to an adder's poison
             ... on level 2 of the Dungeon.
             The game lasted 00:01:17 (284 turns).

Maedhros the Sneak (Octopode Artificer)              Turns: 284, Time: 00:01:18

Health: 0/18       AC:  1    Str: 11    XL:     2   Next: 66%
Magic:  4/4        EV: 13    Int: 13    God:
Gold:   36         SH:  0    Dex: 12    Spells: 1/1 levels left

rFire    . . .     SeeInvis .   a - +0 short sword
rCold    . . .     Gourm    .   (no shield)
rNeg     . . .     Faith    .   (helmet restricted)
rPois    .         Spirit   .   (no amulet)
rElec    .         Reflect  .   (no ring)
rCorr    .         Harm     .   (no ring)
MR       .....                  (no ring)
Stlth    +++.......             (no ring)
HPRegen  0.06/turn              (no ring)
MPRegen  0.09/turn              (no ring)
                                (no ring)
                                (no ring)

@: lethally poisoned (0 -> -2)
A: almost no armour, stealthy swim, amphibious, 8 rings, constrict 8, camouflage
1, gelatinous body 1
a: no special abilities


You were on level 2 of the Dungeon.
You were not hungry.

You visited 1 branch of the dungeon, and saw 2 of its levels.

You collected 36 gold pieces.

Inventory:

Hand Weapons
 a - a +0 short sword (weapon)
Wands
 b - a wand of flame (29)
 c - a wand of enslavement (11)
 d - a wand of random effects (15)
Comestibles
 f - 2 rations


   Skills:
 - Level 1.0 Fighting
 - Level 1.0 Short Blades
 - Level 2.0 Dodging
 + Level 3.8 Stealth
 - Level 3.2 Evocations


You had one spell level left.
You didn't know any spells.
Your spell library was empty.

Dungeon Overview and Level Annotations

Branches:
Dungeon (2/15)

Altars:
Makhleb
Okawaru
Qazlal
The Shining One


Innate Abilities, Weirdness & Mutations

You cannot wear most types of armour.
You are very stealthy in the water. (Stealth+)
You are amphibious.
You can wear up to eight rings at the same time.
You can use your tentacles to constrict eight enemies at once.
Your skin changes colour to match your surroundings (Stealth+).
Your rubbery body absorbs attacks. (AC +1, EV +1)


Message History

Aiming: Enslavement
Press: ? - help, Shift-Dir - straight line, f/p - adder
Aim: an adder (chance to defeat MR: 64%)
The adder struggles to resist.
The adder closely misses you.
The leopard gecko bites you but does no damage.
Evoke which item? (* to show all) (? for menu, Esc to quit)
Aiming: Enslavement
Press: ? - help, Shift-Dir - straight line, f/p - adder
Aim: an adder (chance to defeat MR: 64%)
The adder struggles to resist.
The adder bites you.
* * * LOW HITPOINT WARNING * * *
The leopard gecko bites you.
* * * LOW HITPOINT WARNING * * *
The adder barely misses you.
Evoke which item? (* to show all) (? for menu, Esc to quit)
Aiming: Enslavement
Press: ? - help, Shift-Dir - straight line, f/p - adder
Aim: an adder (chance to defeat MR: 64%)
The adder is charmed.
You die...

.######..)(##.#..#.### ...
#.##..##.#..#.##.#.#
....#....##.#..#.##.$#.#
.#..##..##.#..#.##w.##.#
.#..#..##.#..#.##... #.#
.#..#.##.#..#.##.r## #.# ##
.###.#..#.##....# #.#
##.#..#.##rS## #.##
#......###.l@### #..# ###
#'#.#..#.###...###..## ...
#.###.#..#.###...##..####.#
#...###.#..#.###.#..>.....#
##....###.#..#.#'#.####.#.#
#..#.†).###.#..#.#.# #.#.#
#.##.##...###.#....# #.#.#
#.#).#..#...###..### #.#.#
############# #########.#)#


You could see a leopard gecko, a quokka and a friendly adder (charmed).

Vanquished Creatures
  A dart slug (D:2)
  2 leopard geckos (D:2)
  2 giant cockroaches (D:2)
  3 goblins (D:2)
  A bat (D:2)
  A frilled lizard (D:2)
  3 kobolds (D:2)
  A rat (D:2)
14 creatures vanquished.

Notes
Turn   | Place    | Note
-------+----------+-------------------------------------------
     0 | D:1      | Maedhros the Octopode Artificer began the quest for the
                  | Orb.
     0 | D:1      | Reached XP level 1. HP: 13/13 MP: 3/3
    13 | D:2      | Found a burning altar of Makhleb.
    13 | D:2      | Found a stormy altar of Qazlal.
    13 | D:2      | Found a glowing golden altar of the Shining One.
   109 | D:2      | Reached XP level 2. HP: 14/18 MP: 4/4
   215 | D:2      | Found an iron altar of Okawaru.
   284 | D:2      | Succumbed to an adder's poison

Illustrated notes

Levels and vault maps discovered:
D:1:      saegor_arrival_simple_d, layout_loops_corners
D:2:      minmay_razor_zed, layout_basic, okawaru_ov_weapons_minmay,
          chequers_temple_overflow_statue_of_worship, uniq_robin

Skill      XL: |  1  2 |
---------------+-------+-----
Stealth        | 2 3 |  3.8
Fighting       | |  1.0
Short Blades   | |  1.0
Dodging        | |  2.0
Evocations     | |  3.2

Action                   || total
-------------------------++-------
Melee: Short sword       ||    27
       Tentacles         ||     5
       Constrict         ||     9
Evoke: Wand              ||     4
 Stab: Sleeping          ||     2
Armor: Skin              ||     1
Dodge: Dodged            ||    24

Table legend:
 A = Non-vault XP
 B = Vault XP
 C = Vault XP percentage of total XP
 D = Non-vault monster count
 E = Vault monster count
 F = Vault count percentage of total count
                 A         B        C        D         E       F
            +---------+---------+-------+---------+---------+-------
      Total |       9 |      17 |  65.4 |       5 |       9 |  64.3
            +---------+---------+-------+---------+---------+-------
        D:2 |       9 |      17 |  65.4 |       5 |       9 |  64.3
            +---------+---------+-------+---------+---------+-------
